 Dungeon Crawl Stone Soup version 0.29.1-13-g9f3cf754e1 (webtiles) character file.

Game seed: 8218728158457898924

5754 bjubeck the Cleaver (level 10, -10/141 HPs)
             Began as a Minotaur Berserker on Feb 9, 2023.
             Was an Elder of Trog.
             Mangled by a komodo dragon (25 damage)
             ... on level 7 of the Dungeon.
             The game lasted 00:20:02 (9557 turns).

bjubeck the Cleaver (Minotaur Berserker)            Turns: 9557, Time: 00:20:03

Health: -10/141    AC: 18    Str: 25    XL:     10   Next: 49%
Magic:  9/9        EV:  7    Int:  4    God:    Trog [****..]
Gold:   531        SH:  6    Dex: 11    Spells: 9/9 levels left

rFire   . . .      SeeInvis .   t - +2 hand axe (elec)
rCold   . . .      Faith    .   g - +0 buckler
rNeg    . . .      Spirit   .   L - +0 plate armour
rPois   .          Reflect  .   (helmet restricted)
rElec   .          Harm     .   Q - +0 cloak
rCorr   .          Rampage  .   H - +0 pair of gloves
Will    ++...                   F - +0 pair of boots
Stlth   ..........              (no amulet)
HPRegen 1.33/turn               (no ring)
MPRegen 0.11/turn               (no ring)

@: berserking, strong-willed, regenerating, very quick
A: horns 2, retaliatory headbutt
a: Renounce Religion, Berserk, Trog's Hand, Brothers in Arms


You were on level 7 of the Dungeon.
You worshipped Trog.
Trog was greatly pleased with you.
You visited 1 branch of the dungeon, and saw 8 of its levels.
You also visited: Sewer and Ossuary.

You collected 531 gold pieces.

Inventory:

Hand Weapons
 a - a +0 hand axe
 t - a +2 hand axe of electrocution (weapon)
Missiles
 o - 3 poisoned darts (quivered)
 M - 14 boomerangs
Armour
 b - a +0 animal skin
 g - a +0 buckler (worn)
 k - a +0 pair of gloves
 l - a +0 ring mail
 F - a +0 pair of boots (worn)
 H - a +0 pair of gloves (worn)
 L - a +0 plate armour (worn)
 Q - a +0 cloak (worn)
Jewellery
 y - a +6 ring of intelligence
 E - an amulet of magic regeneration
Wands
 q - a wand of roots (19)
 w - a wand of acid (19)
 I - a wand of paralysis (3)
 K - a wand of digging (6)
Scrolls
 c - 5 scrolls of enchant weapon {unknown}
 d - 4 scrolls of fog {unknown}
 f - 10 scrolls of identify {unknown}
 i - 4 scrolls of enchant armour {unknown}
 j - 3 scrolls of vulnerability {unknown}
 n - 2 scrolls of fear {unknown}
 r - 2 scrolls of magic mapping {unknown}
 s - 5 scrolls of teleportation {unknown}
 u - a scroll of silence {unknown}
 A - a scroll of summoning {unknown}
 G - a scroll of noise {unknown}
 O - 2 scrolls of blinking {unknown}
 P - a scroll of immolation {unknown}
Potions
 e - a potion of lignification {unknown}
 h - 5 potions of curing {unknown}
 m - 2 potions of brilliance
 p - 4 potions of attraction {unknown}
 v - a potion of berserk rage {unknown}
 x - a potion of ambrosia {unknown}
 z - 3 potions of flight {unknown}
 B - a potion of mutation {unknown}
 C - 3 potions of might {unknown}
 D - a potion of cancellation {unknown}
 J - a potion of resistance {unknown}
 N - a potion of haste {unknown}


   Skills:
 + Level 10.3 Fighting
 + Level 10.3 Axes
 + Level 9.6 Armour
 - Level 2.1 Dodging
 + Level 9.2 Shields


You had 9 spell levels left.
You didn't know any spells.
Your spell library was empty.

Dungeon Overview and Level Annotations

Branches:
Dungeon (8/15)             Temple (0/1) D:4           Sewer (visited)
Ossuary (visited)
   Lair: D:8-11

Altars:
Dithmenos
Makhleb
Nemelex Xobeh
Sif Muna
Yredelemnul

Shops:
D:4 (


Innate Abilities, Weirdness & Mutations

You have a pair of horns on your head.
You reflexively headbutt those who attack you in melee.


Message History

You headbutt the komodo dragon.
Your skin crawls.
You feel strong-willed.
You block the eight-headed hydra's attack.
The eight-headed hydra bites you!
The eight-headed hydra bites you but does no damage. x4
The eight-headed hydra bites you. x2
The komodo dragon bites you but does no damage.
A red film seems to cover your vision as you go berserk!
You feel yourself moving faster!
You feel mighty!
The centaur shoots an arrow.
The arrow barely misses you.
The arrow hits the komodo dragon.
The eight-headed hydra bites you but does no damage.
You block the eight-headed hydra's attack.
The eight-headed hydra bites you. The eight-headed hydra bites you!
The eight-headed hydra bites you. x2; The eight-headed hydra bites you! x2
* * * LOW HITPOINT WARNING * * *
The komodo dragon bites you!
* * * LOW HITPOINT WARNING * * *
The centaur shoots an arrow.
The arrow hits you.
* * * LOW HITPOINT WARNING * * *
Your black bear bites the komodo dragon.
Your black bear claws the komodo dragon.
Your black bear closely misses the komodo dragon.
What are your orders? t - Shout!
Anything else - Cancel.
Okay, then.
What are your orders? t - Shout!
Anything else - Cancel.
Okay, then.
You hack one of the eight-headed hydra's heads off!
The seven-headed hydra grows two more!
You hit the nine-headed hydra.
The nine-headed hydra is lightly wounded.
You slash the komodo dragon!
The nine-headed hydra bites you but does no damage. x2
The nine-headed hydra bites you.
* * * LOW HITPOINT WARNING * * *
The nine-headed hydra bites you but does no damage. x5
The nine-headed hydra closely misses you.
The komodo dragon bites you!!
You die...

~PP~# ≈♣~P~P###
~♣♣≈~~P...#
P~♣♣≈~~P..#
P~♣~≈≈~~P..#
P~♣~~~P~P..#
♣~~P~PP...######
P.P~......@l...##
#.......hD.....#
#..............#
#..............#
P.....
###c########.###
...... #.# .#
..... #.# .# #
....###.####l.#
..##..l#..Y#


You could see a nine-headed hydra, a komodo dragon (ally target), a centaur and
a friendly black bear (summoned, berserk).

Vanquished Creatures
  Erica (D:8)
  Maurice (D:8)
  A hornet (D:7)
  Prince Ribbit (D:8)
  A shadow (D:5)
  A wraith (Ossuary)
  A wyvern (D:7)
  4 yaks (D:8)
  4 steam dragons
  A water moccasin (D:6)
  3 sky beasts
  An orc warrior (D:6)
  2 ice beasts
  3 black bears
  An ogre (D:5)
  A phantom (D:7)
  3 necrophages
  3 bullfrogs
  2 gnoll sergeants
  4 scorpions
  3 wights (D:6)
  Crazy Yiuf (D:2)
  2 jellies
  5 orc priests
  3 iguanas
  Ijyb (D:3)
  4 orc wizards (D:8)
  Terence (D:2)
  A mummy (Ossuary)
  11 gnolls
  10 adders
  6 river rats (Sewer)
  2 white imps
  3 worms (D:4)
  13 dart slugs
  22 orcs
  9 endoplasms
  5 giant cockroaches
  9 goblins
  6 hobgoblins
  5 jackals
  5 kobolds
  6 quokkas
  18 ball pythons
  4 bats
  4 frilled lizards
  7 gnoll skeletons (Ossuary)
  A goblin zombie (D:8)
  6 kobold skeletons (Ossuary)
  12 orc skeletons (Ossuary)
  26 rats
  A rat zombie (D:8)
251 creatures vanquished.

Vanquished Creatures (others)
  23 plants (D:7)
23 creatures vanquished.

Grand Total: 274 creatures vanquished

Notes
Turn   | Place    | Note
-------+----------+-------------------------------------------
     0 | D:1      | bjubeck the Minotaur Berserker began the quest for the Orb.
     0 | D:1      | Reached XP level 1. HP: 19/19 MP: 0/0
   132 | D:1      | Reached XP level 2. HP: 18/27 MP: 1/1
  1260 | D:2      | Reached XP level 3. HP: 33/34 MP: 2/2
  1261 | D:2      | Reached ** piety under Trog
  1365 | D:2      | Found a runed translucent door.
  1366 | D:2      | Noticed Crazy Yiuf
  1425 | D:2      | Noticed Terence
  1431 | D:2      | Killed Terence
  1432 | D:2      | Reached skill level 1 in Shields
  1432 | D:2      | Reached XP level 4. HP: 36/41 MP: 3/3
  1566 | D:2      | Found a sparkling altar of Nemelex Xobeh.
  1745 | D:2      | Identified the +1 leather armour of the Hidden Vale {rF-
                  | Regen+ Dex+2}
  1870 | D:2      | Killed Crazy Yiuf
  1871 | D:2      | Reached skill level 5 in Fighting
  1949 | D:3      | Reached skill level 5 in Axes
  2063 | D:3      | Reached XP level 5. HP: 34/48 MP: 4/4
  2513 | D:3      | Found a burning altar of Makhleb.
  2610 | D:3      | Found a faded altar of an unknown god.
  2804 | D:3      | Found a shimmering blue altar of Sif Muna.
  2850 | D:3      | Noticed Ijyb
  2861 | D:3      | Killed Ijyb
  3369 | D:4      | Found a basalt altar of Yredelemnul.
  3423 | D:4      | Found a staircase to the Ecumenical Temple.
  3518 | D:4      | Noticed a black bear
  3529 | D:4      | Killed a black bear
  3530 | D:4      | Reached XP level 6. HP: 6/56 MP: 5/5
  3814 | D:4      | Identified the +2 robe "Lacuacw" {Int+4}
  4147 | D:4      | Found Umacw's Weapon Shop.
  4205 | D:5      | Entered Level 5 of the Dungeon
  4219 | D:5      | Found a glowing drain.
  4241 | D:5      | Reached *** piety under Trog
  4277 | D:5      | Reached XP level 7. HP: 16/63 MP: 6/6
  4339 | Sewer    | Entered a sewer
  4821 | Sewer    | Reached **** piety under Trog
  4822 | Sewer    | Reached skill level 5 in Armour
  5322 | D:5      | Reached skill level 5 in Shields
  5322 | D:5      | Reached XP level 8. HP: 71/71 MP: 7/7
  6467 | D:6      | Paralysed by a wight for 4 turns
  6478 | D:6      | Reached XP level 9. HP: 69/81 MP: 8/8
  7539 | D:7      | Noticed an eight-headed hydra
  7539 | D:7      | Noticed a komodo dragon
  7754 | D:8      | Found a flagged portal.
  7850 | D:8      | Noticed Prince Ribbit
  7855 | D:8      | Killed Prince Ribbit
  8003 | D:8      | Found a shadowy altar of Dithmenos.
  8033 | D:8      | Found a sand-covered staircase.
  8042 | Ossuary  | Entered an ossuary
  8192 | Ossuary  | Reached ***** piety under Trog
  8230 | D:8      | Noticed Erica
  8242 | D:8      | Killed Erica
  8243 | D:8      | Reached XP level 10. HP: 37/93 MP: 9/9
  8900 | D:8      | Noticed Maurice
  8919 | D:8      | Reached skill level 10 in Axes
  8921 | D:8      | Reached skill level 10 in Fighting
  8988 | D:8      | Killed Maurice
  9557 | D:7      | Mangled by a komodo dragon

Illustrated notes

Levels and vault maps discovered:
D:1:      mainiacjoe_arrival_reflecting_pool, layout_basic, st_stairs_14,
          minmay_pentomino_z4
D:2:      layout_rooms, basic_altar, uniq_crazy_yiuf_cottage, uniq_terence
D:3:      kennysheep_slugbush, layout_basic, nicolae_sif_muna_little_library,
          mainiacjoe_overflow_alcove_2, basic_ecumenical_altar, uniq_ijyb
D:4:      layout_loops_cross, mainiacjoe_overflow_24_doors,
          minmay_temple_entry_crystal_x, serial_shops, shop, fountainhead
D:5:      layout_loops_ring, portal_sewer_entry_f
D:6:      layout_cave_pools
D:7:      minmay_blocky_corners, layout_basic, minitemple, serial_bayou,
          serial_bayou_ford_a, serial_bayou_shore_b, serial_bayou_pond_a,
          serial_bayou_lagoon_a, grunt_ministairs_2
D:8:      layout_layer_cave, mainiacjoe_overflow_catwalk, enter_bailey_5,
          enter_ossuary_4, corexii_corridor_pit, hangedman_glass_teeth,
          abandoned_shop, uniq_maurice, uniq_erica, uniq_prince_ribbit1

Skill      XL: |  1  2  3  4  5  6  7  8  9 10 |
---------------+-------------------------------+-----
Fighting       | 4 5 6 8 9 10 | 10.3
Axes           | 4 5 6 8 9 10 | 10.3
Shields        | 1 3 5 6 8 9 |  9.2
Armour         | 3 4 5 7 9 |  9.6
Dodging        | |  2.1

Action                   |  1- 3 |  4- 6 |  7- 9 | 10-12 || total
-------------------------+-------+-------+-------+-------++-------
Melee: Hand axe          |    61 |   155 |   284 |    52 ||   552
       Headbutt          |     9 |    25 |    36 |    11 ||    81
       Unarmed           |       |       |       |     2 ||     2
Throw: Dart              |       |     3 |    11 |       ||    14
Invok: Berserk           |       |     4 |     3 |     2 ||     9
       Trog's Hand       |       |       |       |     2 ||     2
       Brothers in Arms  |       |       |       |     1 ||     1
Armor: Ring mail         |    11 |    47 |    49 |       ||   107
       Animal skin       |     1 |       |       |       ||     1
       Plate armour      |       |       |    42 |    59 ||   101
Dodge: Dodged            |    43 |    73 |   134 |    16 ||   266
Block: Buckler           |     5 |    32 |    44 |    19 ||   100
